 Dungeon Crawl Stone Soup version 0.30-a0-125-g51eefa89be (webtiles) character file.

Game seed: 7035010194080127259

186 zazu2006 the Magician (level 5, -1/43 HPs)
             Began as a Naga Hedge Wizard on Sept 18, 2022.
             Slain by a bullfrog (6 damage)
             ... on level 4 of the Dungeon.
             The game lasted 00:08:55 (3649 turns).

zazu2006 the Magician (Naga Hedge Wizard)           Turns: 3649, Time: 00:08:55

Health: -1/43      AC:  3    Str: 18    XL:     5   Next: 65%
Magic:  10/11      EV: 10    Int: 23    God:
Gold:   96         SH:  0    Dex: 10    Spells: 6/12 levels left

rFire   . . .      SeeInvis +    s - +1 dagger (freeze)
rCold   . . .      Faith    .    (no shield)
rNeg    . . .      Spirit   .    b - +0 robe
rPois   +          Reflect  .    w - +0 helmet
rElec   .          Harm     .    (no cloak)
rCorr   .          Rampage  .    (no gloves)
Will    .....                    (no barding)
Stlth   ++........               g - amulet of magic regeneration
HPRegen 0.14/turn                r - +6 ring of strength
MPRegen 0.52/turn                p - +6 ring of intelligence

@: attractive, very slow
A: AC +1, large, see invisible, deformed body, poison resistance, slowness 2,
spit poison 1, naga tail 1
a: Spit Poison


You were on level 4 of the Dungeon.
You visited 1 branch of the dungeon, and saw 4 of its levels.

You collected 96 gold pieces.

Inventory:

Hand Weapons
 a - a +0 dagger
 m - a +0 falchion
 s - a +1 dagger of freezing (weapon)
Missiles
 z - 2 throwing nets
Armour
 b - a +0 robe (worn)
 c - a +0 hat
 w - a +0 helmet (worn)
Jewellery
 g - an amulet of magic regeneration (around neck)
 p - a +6 ring of intelligence (right hand)
 r - a +6 ring of strength (left hand)
Wands
 q - a wand of roots (12)
Scrolls
 e - 7 scrolls of identify {unknown}
 f - a scroll of immolation {unknown}
 i - 2 scrolls of blinking {unknown}
 j - 2 scrolls of summoning {unknown}
 n - 2 scrolls of enchant weapon {unknown}
 u - a scroll of teleportation {unknown}
 y - a scroll of poison {unknown}
Potions
 d - a potion of magic
 h - 2 potions of lignification {unknown}
 k - 2 potions of attraction
 l - a potion of mutation {unknown}
 o - a potion of might {unknown}
 t - a potion of curing {unknown}
 v - a potion of heal wounds {unknown}
 x - a potion of resistance {unknown}


   Skills:
 + Level 0.3 Fighting
 + Level 0.1 Long Blades
 + Level 1.9 Dodging
 + Level 4.2 Stealth
 + Level 4.4 Spellcasting
 + Level 1.9 Conjurations
 + Level 1.0 Summonings
 + Level 1.0 Translocations
 + Level 0.1 Air Magic
 * Level 3.0 Poison Magic


You had 6 spell levels left.
You knew the following spells:

 Your Spells              Type           Power      Damage    Failure   Level
a - Magic Dart            Conj           56%        1d5       4%          1
b - Mephitic Cloud        Conj/Pois/Air  12%        N/A       16%         3
c - Blink                 Tloc           18%        N/A       10%         2

Your spell library contained the following spells:

 Spells                   Type           Power      Damage    Failure   Level
 Searing Ray              Conj           28%        2d5       7%          2
 Freeze                   Ice            20%        1d4       10%         1
 Slow                     Hex            20%        N/A       10%         1
 Call Imp                 Summ           9%         N/A       10%         2
 Cigotuvi's Dreadful Rot  Necr/Pois/Air  18%        N/A       10%         2
 Dazzling Flash           Conj/Hex       18%        N/A       21%         3
 Frozen Ramparts          Ice            10%        1d2       30%         3
 Iskenderun's Mystic Bla  Conj/Tloc      11%        2d4       47%         4
 Fulminant Prism          Conj/Hex       4%         3d6       56%         4
 Hailstorm                Conj/Ice       9%         3d4       56%         4
 Dispel Undead            Necr           5%         3d7       69%         4
 Death Channel            Necr           2%         N/A       100%        6
 Starburst                Conj/Fire      4%         6d4       100%        6


Dungeon Overview and Level Annotations

Branches:
Dungeon (4/15)
 Temple: D:4-7

Altars:

Annotations:
D:3 2 transporters


Innate Abilities, Weirdness & Mutations

Your serpentine skin is tough. (AC +1)
You have supernaturally acute eyesight. (SInv)
Armour fits poorly on your strangely shaped body.
Your system is resistant to poisons. (rPois)
You cover ground very slowly.
You can spit poison.
You have a snake-like lower body.


Message History

Confirm with . or Enter, or press ? or * to list all spells.
Aiming: Magic Dart (safe; 4% risk of failure)
Press: ? - help, Shift-Dir - straight line, f/p - scorpion
Aim: a scorpion (almost dead, 100% to hit)
The magic dart hits the scorpion.
The scorpion is almost dead.
You feel sick. The scorpion stings you.
You feel sick. The bullfrog hits you. The scorpion stings you.
The scorpion attacks as you move away! The scorpion stings you!
You feel sick. The bullfrog hits you. The scorpion stings you.
* * * LOW HITPOINT WARNING * * *
The bullfrog barely misses you.
You see here 3 curare-tipped darts.
The bullfrog attacks as you move away! The bullfrog barely misses you.
You feel sick.
You are no longer poisoned.
The bullfrog hits you.
* * * LOW HITPOINT WARNING * * *
Casting: Magic Dart (safe; 4% risk of failure)
Confirm with . or Enter, or press ? or * to list all spells.
Aiming: Mephitic Cloud (dangerous; 16% risk of failure)
Press: ? - help, Shift-Dir - straight line, f/p - scorpion
Aim: a scorpion (almost dead, chance to affect: 81%)
The ball explodes into a vile cloud!
The stinking cloud engulfs the bullfrog but does no damage.
The stinking cloud engulfs you but does no damage.
The stinking cloud engulfs the scorpion but does no damage.
The scorpion is almost dead.
You hear a shout!
The bullfrog is engulfed in noxious fumes.
The bullfrog appears confused.
The bullfrog completely misses you.
Unknown command.
The bullfrog is engulfed in noxious fumes.
The bullfrog hits you.
* * * LOW HITPOINT WARNING * * *
The bullfrog barely misses you.
It was a potion of attraction.
You feel attractive to monsters. The bullfrog hits you.
You die...

##### #####
......#######....#
###
.......@F.°s.....+
..#
......#####......#
#.# .....
#####..#######.#
....
#).....#.....#.#
...
#......#...#.#.# ..
..........#.#.#.###
.
...................
........#.#.#.#.###
........#.#.#.#.#


You could see a bullfrog (confused) and a scorpion.

Vanquished Creatures
  Terence (D:2)
  An orc wizard (D:4)
  5 adders
  A dart slug (D:1)
  11 orcs
  11 ball pythons
  5 bats
  4 endoplasms
  3 giant cockroaches (D:1)
  3 hobgoblins
  8 quokkas
  5 frilled lizards
  7 goblins
  7 kobolds
  5 rats
77 creatures vanquished.

Notes
Turn   | Place    | Note
-------+----------+-------------------------------------------
     0 | D:1      | zazu2006 the Naga Hedge Wizard began the quest for the Orb.
     0 | D:1      | Reached XP level 1. HP: 15/15 MP: 4/4
   183 | D:1      | Reached XP level 2. HP: 6/22 MP: 0/6
   434 | D:1      | Found a faded altar of an unknown god.
  1019 | D:1      | Reached XP level 3. HP: 24/28 MP: 1/8
  1098 | D:1      | Learned a level 3 spell: Mephitic Cloud
  1101 | D:1      | Learned a level 2 spell: Blink
  1402 | D:2      | Noticed Terence
  1731 | D:2      | Reached XP level 4. HP: 24/36 MP: 0/10
  1854 | D:2      | Killed Terence
  2448 | D:3      | Found a transporter.
  2502 | D:3      | Found a transporter.
  2705 | D:3      | Reached XP level 5. HP: 35/42 MP: 9/11
  2783 | D:3      | Found the +2 ratskin cloak {*Rats rPois rN+ Str-1 Int-1
                  | Dex+1}
  3649 | D:4      | Slain by a bullfrog

Illustrated notes

Levels and vault maps discovered:
D:1:      minmay_arrival_glassed_features, layout_basic,
          shapermc_ecumenical_altar_mp_urbaneastern
D:2:      layout_rooms, uniq_terence
D:3:      gammafunk_wand_slinger, layout_basic, minmay_misc_feat_iff
D:4:      layout_basic, uniq_pikel

Skill      XL: |  1  2  3  4  5 |
---------------+----------------+-----
Spellcasting   | 4 |  4.4
Poison Magic   | 2 3 |  3.0
Stealth        | 4 |  4.2
Fighting       | |  0.3
Long Blades    | |  0.1
Dodging        | |  1.9
Conjurations   | |  1.9
Summonings     | |  1.0
Translocations | |  1.0
Air Magic      | |  0.1

Action                   |  1- 3 |  4- 6 || total
-------------------------+-------+-------++-------
Melee: Dagger            |    18 |    49 ||    67
       Punch             |     1 |       ||     1
       Falchion          |       |    16 ||    16
 Cast: Magic Dart        |    97 |    62 ||   159
       Mephitic Cloud    |       |     5 ||     5
 Abil: Spit Poison       |    12 |    10 ||    22
  Use: Potion            |       |     1 ||     1
 Stab: Sleeping          |       |     1 ||     1
       Confused          |       |     1 ||     1
Armor: Robe              |     8 |    19 ||    27
Dodge: Dodged            |    22 |    37 ||    59

Table legend: (Time is in decaauts)
 A = Elapsed time spent in this place.
 B = Non-inter-level travel time spent in this place.
 C = Inter-level travel time spent in this place.
 D = Time resting spent in this place.
 E = Time spent auto-exploring this place.
 F = Levels seen in this place.
 G = Mean time per level.
                   A        B        C        D        E       F      G
               +--------+--------+--------+--------+--------+-----+--------+
         Total |   4321 |   4147 |    174 |     91 |   3409 |   4 | 1080.2 |
       Dungeon |   4321 |   4147 |    174 |     91 |   3409 |   4 | 1080.2 |
               +--------+--------+--------+--------+--------+-----+--------+

Top non-repeatable levels by time:
     D:1: 1589 daAuts
     D:3: 1157 daAuts
     D:2: 1117 daAuts
     D:4: 456 daAuts
